 Dungeon Crawl Stone Soup version 0.20.1-1-g8b1a95d (webtiles) character file.

48211 manyhoops the Zephyrmancer (level 13, -14/111 HPs)
             Began as a Demigod Air Elementalist on Aug 24, 2017.
             Hit by a large rock thrown by a cyclops (22 damage)
             ... on level 11 of the Dungeon.
             The game lasted 00:54:40 (24301 turns).

manyhoops the Zephyrmancer (DgAE)                  Turns: 24301, Time: 00:54:41

Health: -14/111    AC: 17    Str: 11    XL:     13   Next: 75%
Magic:  10/50      EV: 14    Int: 38    God:
Gold:   1027       SH:  5    Dex: 16    Spells: 2/32 levels left

rFire    + + .     SeeInvis .   f - +0 mace (protect)
rCold    + . .     Gourm    .   Y - +0 buckler
rNeg     . . .     Faith    .   v - +2 ring mail {rF+}
rPois    +         Spirit   .   U - +3 hat of Pondering {ponderous, MR+ MP+10 Int+5}
rElec    +         Reflect  .   e - +2 cloak {+Inv}
rCorr    +         Harm     .   i - +2 pair of gloves
MR       ++...                  (no boots)
Stlth    +.........             w - amulet of regeneration
Regen    0.7/turn               J - +4 ring of intelligence
MPRegen  0.4/turn               I - ring of magical power

@: resistant, slow
A: clever 1, high mp 1, MP-powered wands
a: Evoke Invisibility


You were on level 11 of the Dungeon.
You were not hungry.

You visited 2 branches of the dungeon, and saw 17 of its levels.

You collected 1129 gold pieces.
You spent 102 gold pieces at shops.

Inventory:

Hand Weapons
 f - a +0 mace of protection (weapon)
Missiles
 h - 4 throwing nets (quivered)
Armour
 e - a +2 cloak of invisibility (worn)
 i - a +2 pair of gloves (worn)
 v - a +2 ring mail of fire resistance (worn)
 K - a +0 scale mail of poison resistance
 U - the +3 hat of Pondering (worn) {ponderous, MR+ MP+10 Int+5}
   (You took it off Gastronok on level 3 of the Lair of Beasts)

   It affects your intelligence (+5).
   It affects your resistance to hostile enchantments.
   It affects your magic capacity (+10).
 Y - a +0 buckler (worn)
Magical Staves
 W - an uncursed staff of wizardry
Jewellery
 l - an uncursed ring of fire
 w - an amulet of regeneration (around neck)
 B - an uncursed ring of protection from fire
 I - a ring of magical power (right hand)
 J - a +4 ring of intelligence (left hand)
 M - an uncursed ring of wizardry
Wands
 g - a wand of flame (32/48)
 t - a wand of disintegration (17/24)
 O - a wand of digging (13/24)
Scrolls
 b - a scroll of recharging
 d - a scroll of torment
 n - 6 scrolls of remove curse
 q - 4 scrolls of enchant weapon
 x - a scroll of fear
 y - a scroll of fog
 z - 2 scrolls of enchant armour
 C - 3 scrolls of amnesia
 F - 4 scrolls of identify
 H - 2 scrolls of immolation
 L - a scroll of noise
 V - 2 scrolls of brand weapon
 Z - a scroll of magic mapping
Potions
 a - a potion of cancellation
 j - 3 potions of flight
 k - a potion of mutation
 o - a potion of berserk rage
 p - 6 potions of curing
 s - a potion of might
 u - 4 potions of brilliance
 N - a potion of agility
 R - a potion of heal wounds
Books
 X - a book of the Tempests

   Spells                             Type                      Level
   a - Static Discharge               Conjuration/Air              3
   b - Lightning Bolt                 Conjuration/Air              5
   c - Ignition                       Fire                         8
   d - Tornado                        Air                          9
   e - Shatter                        Earth                        9
Miscellaneous
 T - a fan of gales
Comestibles
 c - 13 bread rations
 m - 19 royal jellies
 r - 4 chunks of flesh
 E - 20 fruits
 G - 4 meat rations


   Skills:
 - Level 9.0 Fighting
 - Level 5.0 Armour
 - Level 6.9 Dodging
 - Level 1.7 Stealth
 - Level 5.0 Shields
 - Level 10.0 Spellcasting
 + Level 9.7 Conjurations
 + Level 12.3 Air Magic


You had 2 spell levels left.
You knew the following spells:

 Your Spells              Type           Power        Failure   Level  Hunger
a - Shock                 Conj/Air       ####         1%          1    None
b - Swiftness             Chrm/Air       ######..     1%          2    None
c - Static Discharge      Conj/Air       #######.     1%          3    None
d - Airstrike             Air            #######...   1%          4    None
e - Lightning Bolt        Conj/Air       #######...   1%          5    #......
f - Conjure Flame         Conj/Fire      ######..     1%          3    None
g - Blink                 Tloc           N/A          7%          2    None
h - Mephitic Cloud        Conj/Pois/Air  ######..     1%          3    None
i - Regeneration          Chrm/Necr      ###.......   13%         3    None
j - Summon Lightning Spi  Summ/Air       ######..     3%          4    None


Dungeon Overview and Level Annotations

Branches:
Dungeon (11/15)            Temple (0/1) D:5            Lair (6/6) D:8
  Swamp (0/4) Lair:3        Snake (0/4) Lair:2        Slime (0/5) Lair:5
    Orc (0/2) D:10

Shops:
D:4 *


Innate Abilities, Weirdness & Mutations

You have an increased reservoir of magic. (+10% MP)
Your mind is acute. (Int +2)
You expend magic power (3 MP) to strengthen your wands.


Message History

You hit the howler monkey.
You kill the howler monkey!
You feel sick. The wraith closely misses you. x2
You feel better. The wraith closely misses you.
The tengu reaver casts a spell at you. The blast of poison engulfs you!
You resist.
The tengu reaver gestures wildly while chanting.
The tengu reaver conjures a globe of magical energy!
A battlesphere comes into view.
A cyclops comes into view.
The cyclops shouts!
The tengu reaver points at you and mumbles some strange words.
The bolt of acid hits you! You resist.
* * * LOW HITPOINT WARNING * * *
You are splashed with acid!
The acid burns!
You resist.
* * * LOW HITPOINT WARNING * * *
The battlesphere fires!
The barrage of energy hits you!
* * * LOW HITPOINT WARNING * * *
The cyclops throws a large rock.
The large rock hits you!!
You die...

### ..# ..# . <.+ ..
..# ... ..# .... ..#
..... #######(. ..#
......#......C. <.#
......'@§# # ..#
......##W#####.#####
'## ####+
#§§§..)...... .#
#§*§.#8..8#.. .#
##§.##....# .#
######+## #Q##
.....# ##
#.......####.#
$$$$## #
#.......Q..#.# #####
# #.......##§..# ...


You could see a tengu reaver, a cyclops, a wraith and a battlesphere.

Vanquished Creatures
  Gastronok (Lair:3)
  Kirke (Lair:6)
  A fire giant (D:11)
  Nessos (Lair:5)
  A fire dragon (Lair:6)
  Josephine (Lair:4)
  7 hydras
  Erica (D:8)
  4 two-headed ogres
  Urug (Lair:4)
  A fire crab (Lair:6)
  Pikel (D:6)
  A swamp dragon (Lair:3)
  Joseph (D:8)
  5 black mambas
  A torpor snail (Lair:6)
  2 molten gargoyles (Lair:6)
  8 spiny frogs
  2 rime drakes
  5 komodo dragons
  A troll (D:11)
  5 blink frogs (Lair:6)
  3 polar bears
  A hornet (D:9)
  7 dream sheep
  3 hippogriffs
  5 wraiths (Lair:4)
  35 yaks
  A spriggan (Lair:4)
  4 wyverns
  6 hogs (Lair:6)
  6 basilisks
  2 steam dragons
  6 vampire mosquitoes (Lair:5)
  4 hungry ghosts
  3 insubstantial wisps (Lair:5)
  A naga (Lair:2)
  A soldier ant (D:9)
  11 water moccasins
  5 porcupines
  3 hell hounds (Lair:6)
  3 orc warriors
  A hornet zombie (D:9)
  2 sky beasts
  2 black bears
  A slave (D:6)
  A phantom (D:9)
  2 ice beasts
  3 ogres
  A necrophage (D:7)
  7 centaurs
  3 wolves (Lair:4)
  11 crocodiles
  9 bullfrogs
  3 gnoll sergeants
  5 scorpions
  A water moccasin skeleton (D:8)
  16 killer bees
  4 wights (D:7)
  2 howler monkeys
  2 electric eels (D:6)
  2 crimson imps (D:5)
  5 lava snakes (Lair:6)
  2 quasits
  Crazy Yiuf (D:3)
  6 hounds
  3 jellies
  3 orc priests
  2 centaur skeletons
  16 orc wizards
  4 iguanas
  4 hell rats (Lair:4)
  15 worker ants
  2 hound skeletons
  A worker ant zombie (D:10)
  11 gnolls
  2 howler monkey skeletons
  12 adders
  2 shadow imps
  3 oozes
  2 adder zombies
  An adder skeleton (D:4)
  2 worms
  2 dart slugs
  3 leopard geckos
  46 orcs
  9 bats
  7 giant cockroaches
  6 goblins
  14 hobgoblins
  9 jackals
  3 quokkas
  3 ball pythons
  3 frilled lizards
  4 kobolds
  A quokka skeleton (D:7)
  9 rats
  A plant (Lair:3)
459 creatures vanquished.

Vanquished Creatures (collateral kills)
  A hydra (Lair:6)
  A black mamba (Lair:6)
  A spiny frog (Lair:6)
  A komodo dragon (Lair:6)
  3 blink frogs (Lair:6)
  2 yaks (Lair:4)
9 creatures vanquished.

Vanquished Creatures (others)
  A slave (D:9)
  10 fungi
  6 plants
17 creatures vanquished.

Grand Total: 485 creatures vanquished

Notes
Turn   | Place    | Note
-------+----------+-------------------------------------------
     0 | D:1      | manyhoops the Demigod Air Elementalist began the quest for the Orb.
     0 | D:1      | Reached XP level 1. HP: 14/14 MP: 5/5
    13 | D:1      | Reached skill level 1 in Conjurations
   250 | D:1      | Reached skill level 3 in Air Magic
   250 | D:1      | Reached XP level 2. HP: 7/20 MP: 0/7
   569 | D:1      | Learned a level 2 spell: Swiftness
   728 | D:1      | HP: 1/20 [goblin/dagger (2)]
   748 | D:1      | HP: 1/20 [rat (1)]
  1739 | D:2      | Reached XP level 3. HP: 26/26 MP: 6/8
  1984 | D:2      | Found a hide-covered altar of Uskayaw.
  2948 | D:3      | Found a glowing golden altar of the Shining One.
  2997 | D:3      | Reached XP level 4. HP: 33/33 MP: 2/10
  3002 | D:3      | Learned a level 3 spell: Static Discharge
  3326 | D:3      | Found a runed door.
  3496 | D:3      | Reached XP level 5. HP: 17/38 MP: 1/12
  4037 | D:3      | Noticed Crazy Yiuf
  4041 | D:3      | Killed Crazy Yiuf
  4201 | D:4      | Reached skill level 4 in Air Magic
  4273 | D:4      | Reached XP level 6. HP: 42/45 MP: 6/13
  4771 | D:4      | Found Iraptasch's Assorted Antiques.
  4780 | D:4      | Bought a scroll labeled CIKHAE PURERUL for 27 gold pieces
  4780 | D:4      | Bought a fizzy golden potion for 24 gold pieces
  4780 | D:4      | Bought a scroll labeled QOT ONANUDD for 27 gold pieces
  4780 | D:4      | Bought a pink potion for 24 gold pieces
  4806 | D:4      | Reached XP level 7. HP: 50/50 MP: 4/16
  5103 | D:4      | Learned a level 4 spell: Airstrike
  5104 | D:5      | Entered Level 5 of the Dungeon
  5112 | D:5      | Reached skill level 5 in Conjurations
  5201 | D:5      | Found a staircase to the Ecumenical Temple.
  5219 | D:5      | Reached skill level 5 in Air Magic
  5438 | D:5      | Found a bloodstained altar of Trog.
  5920 | D:6      | Noticed an angel
  5921 | D:6      | Found a shimmering altar of Xom.
  5922 | D:6      | Found a glowing silver altar of Zin.
  6014 | D:6      | Reached XP level 8. HP: 54/57 MP: 5/18
  6021 | D:6      | Gained mutation: You are dopey. (Int -2) [mutagenic meat]
  6022 | D:6      | Gained mutation: Your flesh is heat resistant. (rF+) [mutagenic meat]
  6220 | D:6      | Reached skill level 6 in Air Magic
  6303 | D:6      | Reached skill level 5 in Spellcasting
  6748 | D:6      | Noticed Pikel
  6764 | D:6      | Killed Pikel
  6764 | D:6      | Reached skill level 7 in Air Magic
  6855 | D:6      | Found a shadowy altar of Dithmenos.
  7273 | D:6      | Reached XP level 9. HP: 62/62 MP: 4/21
  8171 | D:7      | Reached skill level 8 in Air Magic
  8403 | D:7      | Found a hazy altar of Hepliaklqana.
  8408 | D:7      | Found a white marble altar of Elyvilon.
  8408 | D:7      | Found a snail-covered altar of Cheibriados.
  9196 | D:8      | Noticed a two-headed ogre
  9290 | D:8      | Learned a level 5 spell: Lightning Bolt
  9294 | D:8      | Learned a level 3 spell: Conjure Flame
  9297 | D:8      | Learned a level 2 spell: Blink
  9386 | D:8      | Noticed Erica
  9388 | D:8      | Noticed Joseph
  9397 | D:8      | Killed Erica
  9397 | D:8      | Reached skill level 9 in Air Magic
  9397 | D:8      | Reached XP level 10. HP: 47/69 MP: 8/25
  9423 | D:8      | Killed Joseph
 10109 | D:8      | Killed a two-headed ogre
 10238 | D:8      | Noticed a two-headed ogre
 10247 | D:8      | Killed a two-headed ogre
 10457 | D:8      | Found a staircase to the Lair.
 11281 | D:9      | Reached skill level 10 in Air Magic
 11762 | D:9      | Noticed a two-headed ogre
 11780 | D:9      | Killed a two-headed ogre
 11780 | D:9      | Reached XP level 11. HP: 74/74 MP: 9/28
 13127 | D:9      | Noticed a two-headed ogre
 13138 | D:9      | Killed a two-headed ogre
 13246 | D:9      | Lost mutation: You are dopey. (Int -2) [potion of mutation]
 13246 | D:9      | Lost mutation: Your flesh is heat resistant. (rF+) [potion of mutation]
 13246 | D:9      | Gained mutation: You expend magic power (3 MP) to strengthen your wands. [potion of mutation]
 13246 | D:9      | Gained mutation: Your mind is acute. (Int +2) [potion of mutation]
 13292 | D:10     | Entered Level 10 of the Dungeon
 14310 | D:10     | Found a staircase to the Orcish Mines.
 14447 | Lair:1   | Entered Level 1 of the Lair of Beasts
 14814 | Lair:1   | Reached skill level 10 in Spellcasting
 14928 | Lair:1   | Reached skill level 1 in Fighting
 15878 | Lair:2   | Found a staircase to the Snake Pit.
 16201 | Lair:2   | Reached skill level 5 in Fighting
 16785 | Lair:3   | Noticed Gastronok
 16847 | Lair:3   | Killed Gastronok
 16847 | Lair:3   | Reached XP level 12. HP: 67/100 MP: 0/30
 17093 | Lair:3   | Noticed an eight-headed hydra
 17099 | Lair:3   | Killed an eight-headed hydra
 17283 | Lair:3   | Noticed a five-headed hydra
 17286 | Lair:3   | Killed a five-headed hydra
 17425 | Lair:3   | Found a staircase to the Swamp.
 18074 | Lair:4   | Reached skill level 1 in Armour
 18158 | Lair:4   | Learned a level 3 spell: Mephitic Cloud
 18162 | Lair:4   | Learned a level 3 spell: Regeneration
 18535 | Lair:4   | Noticed Josephine
 18602 | Lair:4   | Killed Josephine
 18621 | Lair:4   | Noticed a six-headed hydra
 18757 | Lair:4   | Killed a six-headed hydra
 18757 | Lair:4   | Reached skill level 5 in Armour
 18938 | Lair:4   | Noticed a six-headed hydra
 18945 | Lair:4   | Killed a six-headed hydra
 19701 | Lair:5   | Noticed Nessos
 20036 | Lair:5   | Noticed a five-headed hydra
 20041 | Lair:5   | Killed a five-headed hydra
 20041 | Lair:5   | Reached skill level 5 in Dodging
 20250 | Lair:4   | Noticed Urug
 20252 | Lair:4   | Killed Urug
 20516 | Lair:5   | Reached XP level 13. HP: 111/111 MP: 31/31
 20553 | Lair:5   | Killed Nessos
 21035 | Lair:5   | Found a viscous altar of Jiyva.
 21035 | Lair:5   | Found a staircase to the Slime Pits.
 21356 | Lair:5   | Learned a level 4 spell: Summon Lightning Spire
 21412 | Lair:5   | Reached skill level 1 in Shields
 21517 | Lair:6   | Entered Level 6 of the Lair of Beasts
 22396 | Lair:6   | Reached skill level 5 in Shields
 22490 | Lair:6   | Found a large runed door.
 22665 | Lair:6   | Reached skill level 11 in Air Magic
 22679 | Lair:6   | Found a large runed door.
 23302 | Lair:6   | Noticed Kirke
 23316 | Lair:6   | Killed Kirke
 23831 | Lair:6   | Reached skill level 12 in Air Magic
 24263 | D:11     | Found a glowing golden altar of the Shining One.
 24263 | D:11     | Noticed a tengu reaver
 24264 | D:11     | Noticed a fire giant
 24288 | D:11     | Killed a fire giant
 24301 | D:11     | Hit by a large rock thrown by a cyclops

Skill      XL: |  1  2  3  4  5  6  7  8  9 10 11 12 13 |
---------------+----------------------------------------+-----
Conjurations   | 1 2 3 4 5 6 7 8 9 |  9.7
Air Magic      | 3 4 5 7 9 10 12 | 12.3
Spellcasting   | 2 3 4 6 7 9 10 | 10.0
Fighting       | 7 9 |  9.0
Armour         | 5 |  5.0
Dodging        | 5 6 |  6.9
Shields        | 5 |  5.0
Stealth        | |  1.7

Action                   |  1- 3 |  4- 6 |  7- 9 | 10-12 | 13-15 || total
-------------------------+-------+-------+-------+-------+-------++-------
Melee: Dagger            |    55 |    11 |       |       |       ||    66
       Mace              |       |    24 |    95 |   195 |    16 ||   330
 Cast: Shock             |   136 |   105 |   258 |   158 |    20 ||   677
       Static Discharge  |       |     5 |    18 |    43 |    11 ||    77
       Airstrike         |       |       |    26 |   286 |   164 ||   476
       Conjure Flame     |       |       |     1 |    24 |     1 ||    26
       Lightning Bolt    |       |       |       |    43 |    16 ||    59
       Summon Lightning  |       |       |       |       |     4 ||     4
Evoke: Wand              |       |       |     4 |       |       ||     4
  Use: Scroll            |     6 |     3 |     5 |    15 |     3 ||    32
       Potion            |     1 |       |     1 |     4 |     3 ||     9
 Stab: Distracted        |       |       |       |       |     1 ||     1
  Eat: Chunk             |     7 |     2 |    14 |    31 |    12 ||    66
       Meat ration       |       |     1 |     1 |       |       ||     2
       Royal jelly       |       |       |       |     2 |       ||     2
       Fruit             |       |       |       |     4 |     1 ||     5
       Bread ration      |       |       |       |     1 |       ||     1
Armor: Robe              |    19 |    31 |    90 |    96 |       ||   236
       Skin              |    10 |       |       |       |       ||    10
       Ring mail         |       |       |       |    93 |    25 ||   118
       Scale mail        |       |       |       |     2 |     2 ||     4
Dodge: Dodged            |    51 |    44 |   133 |   243 |    47 ||   518
Block: Buckler           |       |       |       |       |    13 ||    13
